 Dungeon Crawl Stone Soup version 0.31-a0-833-gc15d34cb79 (webtiles) character file.

Game seed: 10914297326952160955

2060 mopl the Insei (level 9, -7/52 (59) HPs)
             Began as an Octopode Shapeshifter on Sept 25, 2023.
             Was a Follower of Uskayaw.
             Mangled by a gnoll bouda
             ... wielding a +0 club
              (12 damage)
             ... on level 6 of the Dungeon.
             The game lasted 00:06:59 (6262 turns).

mopl the Insei (Octopode Shapeshifter)              Turns: 6262, Time: 00:07:02

HP:   -7/52 (59)    AC:  1    Str: 14    XL:     9   Next: 25%
MP:   30/30         EV: 15    Int: 12    God:    Uskayaw [*.....]
Gold: 393           SH:  5    Dex: 15    Spells: 6/8 levels left

rFire   . .          .
                       - Unarmed
rCold   . . .        (no shield)
rNeg    . . .        (helmet currently unavailable)
rPois   .            d - amulet of reflection
rElec   .            x - ring of magical power
rCorr   .            G - ring of magical power
SInv    .            (no ring)
Will    .....        (no ring)
Stlth   ++           (no ring)
HPRegen 0.28/turn    (no ring)
MPRegen 0.22/turn    (no ring)
                     (no ring)

%: reflection
@: beast-form, heavily drained
A: beast (slay +3), almost no armour, amphibious, 8 rings, camouflage 1,
gelatinous body 1, (nimble swimmer 1), tentacles
a: Begin Untransformation, Renounce Religion, Stomp


You were on level 6 of the Dungeon.
You worshipped Uskayaw.
Uskayaw was noncommittal.
You were a hulking beast.
You visited 1 branch of the dungeon, and saw 7 of its levels.

You collected 456 gold pieces.
You spent 63 gold pieces at shops.

Inventory:

Hand Weapons
 h - a +4 short sword
 t - a +2 dagger of venom
Missiles
 q - a throwing net
 A - 2 poisoned darts (quivered)
Armour
 o - an orb of guile
 I - a +1 hat
Jewellery
 d - an amulet of reflection (around mantle)
 x - a ring of magical power (left tentacle)
 G - a ring of magical power (right tentacle)
Talismans
 b - a beast talisman (active)
 c - a flux talisman
 g - a blade talisman
Wands
 B - a wand of charming (6)
 F - a wand of flame (4)
 H - a wand of digging (2)
Scrolls
 e - 2 scrolls of fog {unknown}
 f - 4 scrolls of identify
 k - 2 scrolls of enchant weapon {unknown}
 n - a scroll of vulnerability {unknown}
 p - a scroll of acquirement {unknown}
 r - 2 scrolls of amnesia {unknown}
 s - a scroll of teleportation
 u - a scroll of brand weapon {unknown}
 y - 2 scrolls of noise {unknown}
 z - a scroll of torment {unknown}
 D - 2 scrolls of revelation {unknown}
 E - 2 scrolls of blinking {unknown}
Potions
 a - a potion of lignification {!q}
 i - a potion of enlightenment
 j - a potion of resistance
 l - a potion of mutation {!q}
 v - a potion of curing
 w - 2 potions of brilliance
 C - 2 potions of heal wounds


   Skills:
 + Level 4.4 Fighting
 + Level 5.0 Dodging
 * Level 6.9 Unarmed Combat
 + Level 4.5 Invocations
 * Level 6.5 Shapeshifting


You had 6 spell levels left.
You knew the following spells:

 Your Spells              Type           Power      Damage    Failure   Level
w - Wereblood             Tmut           0%         N/A       45%         2

Your spell library contained the following spells:

 Spells                   Type           Power      Damage    Failure   Level
 Slow                     Hex            0%         N/A       32%         1
 Summon Small Mammal      Summ           0%         N/A       32%         1
 Blink                    Tloc           0%         N/A       45%         2
 Sublimation of Blood     Necr           0%         N/A       45%         2
 Call Canine Familiar     Summ           0%         N/A       69%         3
 Confusing Touch          Hex            0%         N/A       69%         3
 Dazzling Flash           Conj/Hex       0%         N/A       69%         3
 Sigil of Binding         Hex            0%         N/A       69%         3
 Summon Guardian Golem    Hex/Summ       0%         N/A       69%         3
 Vampiric Draining        Necr           0%         2d6       69%         3
 Manifold Assault         Tloc           0%         N/A       97%         4
 Agony                    Necr           0%         N/A       100%        5
 Silence                  Hex/Air        0%         N/A       100%        5
 Summon Hydra             Summ           0%         N/A       100%        7


Dungeon Overview and Level Annotations

Branches:
Dungeon (7/15)
 Temple: D:4-7

Altars:
Kikubaaqudgha
Makhleb
Qazlal
Uskayaw
Wu Jian
Xom
Yredelemnul

Shops:
D:2 ?   D:3 *

Annotations:
D:4 1 runed translucent door, KimchiStew's ghost, amateur FoHu


Innate Abilities, Weirdness & Mutations

You are a hulking beast.
Your limbs bulge with bestial killing power. (Slay +3)
You cannot wear most types of armour.
You are amphibious.
You can wear up to eight rings at the same time.
Your skin changes colour to match your surroundings (Stealth+).
Your rubbery body absorbs attacks. (AC +1, EV +1)
((You are camouflaged when in or above water. (Stealth+)))
You have tentacles for arms and can constrict up to eight enemies at once.


Message History

The iguana is severely wounded.
You constrict the iguana. The iguana barely misses you.
You tentacle-slap the iguana.
You kill the iguana!
Your Dodging skill increases to level 5!
Things that are here:
a +4 great sword; a +0 robe; an iguana corpse
There is a stone staircase leading down, spattered with blood here.
You start resting.
Magic restored.
You start resting.
HP restored.
You climb downwards.
The centaur shoots an arrow.
The arrow hits you. The wight closely misses you.
The gnoll bouda hits you with a +0 club.
There is a stone staircase leading up, spattered with blood here.
The centaur shoots an arrow.
The arrow hits you! The wight barely misses you.
The centaur shoots an arrow.
The arrow hits you! You block the gnoll bouda's attack.
You climb upwards.
There is a stone staircase leading down, spattered with blood here.
You are too injured to fight recklessly!
You bludgeon the gnoll bouda! Your grab misses the gnoll bouda.
You tentacle-slap the gnoll bouda.
The gnoll bouda is heavily wounded.
The wight misses you.
The gnoll bouda hits you with a +0 club!
* * * LOW HITPOINT WARNING * * *
Unknown command.
You barely miss the wight. You grab the wight. You constrict the wight.
The wight hits you with a +3 dagger.
* * * LOW HITPOINT WARNING * * *
The gnoll bouda closely misses you.
You tentacle-slap the wight. x2
You squeeze the wight, but do no damage.
The wight is severely damaged.
You constrict the wight. The wight hits you with a +3 dagger.
* * * LOW HITPOINT WARNING * * *
The gnoll bouda hits you with a +0 club!
You die...

......#...........#..............
....#.#.#####.##........#####....
....#...####........###.# #....)
#..#..#.............# #.# ##....
###......###........###.# #....
##....##.###.......##...#######..
.#....##.##.....#.###.#...)).....
..#...##.#.....[gz........)).....
...##.##........h####.#.########.
......##.#......##..###.#########
#.#.####.#.........## #..........
#..........###...._∩# #########..
.........#.# #.....## ###.#
########.#.# #####.# #.... #...#
#.### #.#.# ## ###.#####..# #.#.#
.# #........# #.#.#


You could see a gnoll bouda and a wight.

Vanquished Creatures
  Grinder (D:5)
  An ice beast (D:5)
  An ogre (D:6)
  3 necrophages (D:6)
  5 scorpions
  A wyvern zombie (D:6)
  6 wights
  A bullfrog zombie (D:6)
  3 centaur zombies (D:6)
  4 hounds
  A human zombie (D:6)
  A jelly (D:5)
  An orc priest (D:6)
  2 sleepcaps (D:4)
  6 iguanas
  4 orc wizards (D:6)
  2 mummies (D:6)
  4 adders
  A shadow imp (D:4)
  A white imp (D:6)
  2 worms (D:4)
  5 dart slugs
  20 orcs
  3 ball pythons
  6 endoplasms
  2 giant cockroaches
  8 goblins
  13 hobgoblins
  2 jackals (D:2)
  10 kobolds
  4 quokkas
  2 frilled lizards
  8 rats
134 creatures vanquished.

Notes
Turn   | Place    | Note
-------+----------+-------------------------------------------
     0 | D:1      | mopl the Octopode Shapeshifter began the quest for the Orb.
     0 | D:1      | Reached XP level 1. HP: 13/13 MP: 1/1
    97 | D:1      | Reached XP level 2. HP: 15/18 MP: 2/2
   642 | D:1      | Reached XP level 3. HP: 20/23 MP: 3/3
   815 | D:2      | You fall into a shaft and drop 2 floors!
   851 | D:4      | Found a hide-covered altar of Uskayaw.
   862 | D:4      | Became a worshipper of Uskayaw the Reveller
   987 | D:4      | Found a runed translucent door.
   993 | D:4      | Noticed KimchiStew's ghost (amateur FoHu)
   998 | D:4      | Noticed a scorpion
  1000 | D:4      | Reached * piety under Uskayaw
  1002 | D:4      | Reached ** piety under Uskayaw
  1004 | D:4      | Reached *** piety under Uskayaw
  1006 | D:4      | Killed a scorpion
  1007 | D:4      | Reached XP level 4. HP: 17/29 MP: 4/4
  1009 | D:4      | Reached **** piety under Uskayaw
  1013 | D:4      | Reached ***** piety under Uskayaw
  1014 | D:4      | HP: 1/29 [orc/+0 trident (6)]
  1157 | D:2      | Reached skill level 1 in Invocations
  1481 | D:2      | Reached XP level 5. HP: 30/34 MP: 5/5
  1488 | D:2      | Found Isecwauz's Magic Scroll Boutique.
  1491 | D:2      | Bought a scroll of teleportation for 39 gold pieces
  2048 | D:3      | Reached skill level 4 in Shapeshifting
  2156 | D:3      | Found Enwecul's General Store.
  2164 | D:3      | Bought a scroll of identify for 24 gold pieces
  2384 | D:3      | Reached skill level 2 in Fighting
  2384 | D:3      | Reached skill level 4 in Unarmed Combat
  2547 | D:3      | Reached skill level 3 in Dodging
  2547 | D:3      | Reached XP level 6. HP: 39/39 MP: 7/7
  2795 | D:3      | Found a faded altar of an unknown god.
  2919 | D:3      | Learned a level 2 spell: Wereblood
  2963 | D:4      | Reached skill level 2 in Invocations
  3689 | D:5      | Entered Level 5 of the Dungeon
  3689 | D:5      | Noticed an ice beast
  3880 | D:5      | Found a shimmering altar of Xom.
  3921 | D:5      | Killed an ice beast
  3922 | D:5      | Reached XP level 7. HP: 11/45 MP: 8/8
  4070 | D:5      | Reached skill level 5 in Unarmed Combat
  4084 | D:5      | Reached skill level 3 in Fighting
  4093 | D:5      | Reached skill level 5 in Shapeshifting
  4137 | D:5      | Reached skill level 3 in Invocations
  4373 | D:5      | Noticed Grinder
  4384 | D:5      | Killed Grinder
  4385 | D:5      | Reached skill level 4 in Dodging
  4385 | D:5      | Reached XP level 8. HP: 35/52 MP: 10/10
  4457 | D:5      | Identified the +2 dagger of Hubris {flame, Stlth+}
  4645 | D:6      | Found a burning altar of Makhleb.
  4680 | D:6      | Reached skill level 6 in Unarmed Combat
  5023 | D:6      | Found an ancient bone altar of Kikubaaqudgha.
  5054 | D:6      | Reached skill level 6 in Shapeshifting
  5059 | D:6      | Reached skill level 4 in Fighting
  5059 | D:6      | Reached skill level 4 in Invocations
  5065 | D:6      | HP: 1/54 [wyvern zombie (14)]
  5065 | D:6      | Reached ****** piety under Uskayaw
  5358 | D:6      | Reached XP level 9. HP: 57/58 MP: 12/12
  5687 | D:6      | Found a basalt altar of Yredelemnul.
  5721 | D:6      | Found a stormy altar of Qazlal.
  5900 | D:6      | Found an ornate altar of the Wu Jian Council.
  6101 | D:6      | Reached skill level 5 in Dodging
  6262 | D:6      | Mangled by a gnoll bouda

Illustrated notes

Levels and vault maps discovered:
D:1:      dpeg_arrival_three_smaller_balls, layout_loops_corners
D:2:      cheibrodos_greedy_goblins, layout_basic, serial_shops,
          nicolae_shop_behind_doors, serial_forest,
          infiniplex_forest_straight_2, infiniplex_forest_end_2,
          infiniplex_forest_lined_3, infiniplex_forest_straight_5,
          serial_park_tiny_2, serial_bayou_lagoon_b
D:3:      layout_loops_corners, serial_shops, shop,
          hellmonk_ecumenical_altar_leap_of_faith
D:4:      layout_gridville, eat_drink_and_be_merry_uskayaw,
          ebering_ghost_sewer_d
D:5:      layout_layer_cave, marbit_many_paths, kennysheep_generic_room_11,
          uniq_grinder
D:6:      layout_loops_ring, mainiacjoe_overflow_alcove_2,
          mainiacjoe_overflow_boulevard, lemuel_mausoleum_altar_kikubaaqudgha,
          makhleb_heckhound_becter, mainiacjoe_overflow_catwalk,
          minmay_misc_feat_chi
D:7:      cheibrodos_helix_gallery, layout_rooms, ashenzari_altar_1,
          minmay_temple_entry_tees, hangedman_decor_slide_cut,
          david_defended_altar_orc

Skill      XL: |  1  2  3  4  5  6  7  8  9 |
---------------+----------------------------+-----
Invocations    | 1 2 3 4 |  4.5
Shapeshifting  | 4 5 6 |  6.5
Fighting       | 2 3 4 |  4.4
Unarmed Combat | 4 5 6 |  6.9
Dodging        | 3 4 5 |  5.0

Action                     |  1- 3 |  4- 6 |  7- 9 || total
---------------------------+-------+-------+-------++-------
  Melee: Unarmed           |    10 |     4 |   106 ||   120
         Constrict         |    10 |    42 |    34 ||    86
         Tentacles         |    11 |    30 |    43 ||    84
         Short sword       |    29 |   123 |    24 ||   176
         Punch             |       |     6 |    10 ||    16
 Invoke: Line Pass         |       |       |     2 ||     2
  Evoke: Wand              |       |     1 |       ||     1
    Use: Scroll            |       |       |     7 ||     7
   Stab: Sleeping          |     7 |     6 |     8 ||    21
         Paralysed         |     1 |       |     5 ||     6
 Armour: Skin              |     9 |    31 |    57 ||    97
  Dodge: Dodged            |    18 |    46 |    61 ||   125
  Block: Other             |     5 |    20 |    22 ||    47
         Reflection        |       |     2 |     2 ||     4
   Form: Flux              |       |     1 |       ||     1
         Beast             |       |       |     1 ||     1

Table legend: (Time is in decaauts)
 A = Elapsed time spent in this place.
 B = Non-inter-level travel time spent in this place.
 C = Inter-level travel time spent in this place.
 D = Time resting spent in this place.
 E = Time spent auto-exploring this place.
 F = Levels seen in this place.
 G = Mean time per level.
                   A        B        C        D        E       F      G
               +--------+--------+--------+--------+--------+-----+--------+
         Total |   6249 |   6052 |    197 |   1237 |   3918 |   7 |  892.7 |
       Dungeon |   6249 |   6052 |    197 |   1237 |   3918 |   7 |  892.7 |
               +--------+--------+--------+--------+--------+-----+--------+

Top non-repeatable levels by time:
     D:6: 1652 daAuts
     D:4: 1248 daAuts
     D:3: 972 daAuts
     D:2: 840 daAuts
     D:1: 811 daAuts
     D:5: 705 daAuts
     D:7: 19 daAuts
